 Dungeon Crawl Stone Soup version 0.21-a0-630-g344d351 (webtiles) character file.

28 Alarkh the Grave Robber (level 3, 24/24 HPs)
             Began as a Demonspawn Necromancer on Dec 26, 2017.
             Got out of the dungeon alive.
             The game lasted 00:01:40 (1235 turns).

Alarkh the Grave Robber (Demonspawn Necromancer)    Turns: 1235, Time: 00:01:40

Health: 24/24      AC:  2    Str:  8    XL:     3   Next: 0%
Magic:  5/6        EV: 12    Int: 17    God:
Gold:   29         SH:  0    Dex: 13    Spells: 6/7 levels left

rFire    . . .     SeeInvis .   e - +0 dagger
rCold    + . .     Gourm    .   (no shield)
rNeg     . . .     Faith    .   a - +0 robe
rPois    .         Spirit   .   (no helmet)
rElec    .         Reflect  .   (no cloak)
rCorr    .         Harm     .   (no gloves)
MR       .....                  (no boots)
Stlth    ++........             (no amulet)
HPRegen  0.08/turn              (no ring)
MPRegen  0.10/turn              (no ring)

@: no status effects
A: claws 1, cold resistance 1
a: no special abilities


You escaped.
You were not hungry.

You visited 1 branch of the dungeon, and saw 1 of its levels.

You collected 29 gold pieces.

Inventory:

Hand Weapons
 e - a +0 dagger (weapon)
Armour
 a - a +0 robe (worn)
Scrolls
 d - 3 scrolls of identify {unknown}
 g - a scroll of fog {unknown}
Potions
 h - 2 potions of berserk rage {unknown}
Books
 b - a book of Necromancy

   Spells                             Type                      Level
   a - Pain                           Necromancy                   1
   b - Animate Skeleton               Necromancy                   1
   c - Vampiric Draining              Necromancy                   3
   d - Regeneration                   Charms/Necromancy            3
   e - Animate Dead                   Necromancy                   4
   f - Borgnjor's Vile Clutch         Necromancy/Earth             5
Comestibles
 c - 2 rations
 f - 7 chunks of flesh


   Skills:
 - Level 1.7 Dodging
 - Level 1.7 Stealth
 * Level 1.0 Unarmed Combat
 + Level 2.5 Spellcasting
 + Level 4.8 Necromancy


You had 6 spell levels left.
You knew the following spells:

 Your Spells              Type           Power        Failure   Level  Hunger
a - Pain                  Necr           ###.         2%          1    #......


Dungeon Overview and Level Annotations

Branches:
Dungeon (1/15)

Altars:


Innate Abilities, Weirdness & Mutations

You have sharp fingernails.
Your flesh is cold resistant. (rC+)


Message History

Press: ? - help, Shift-Dir - straight line, f/p - giant cockroach
Aim: a giant cockroach (heavily wounded, chance to defeat MR: 87%)
The giant cockroach writhes in agony!
You kill the giant cockroach!
You have reached level 3!
Your experience leads to an increase in your attributes!
Increase (S)trength, (I)ntelligence, or (D)exterity?
You feel clever.
Your demonic ancestry asserts itself...
You feel resistant to cold.
You see here a leather armour.
A goblin comes into view.
The goblin shouts!
A frilled lizard comes into view.
The frilled lizard hisses angrily.
A kobold comes into view. It is wielding a short sword.
There is an open door here.
The frilled lizard unfolds its giant frill.
There is a staircase leading out of the dungeon here.
Are you sure you want to leave the Dungeon?
This will make you lose the game!
You have escaped!

............#.....#.....#####.###
......#####.#.......#.#..........
......# #.#########.#.......###
#.....# #...........#########
#.....#######.#########
..........#...##....#
#########.#...##..### '..#
#.#..##....# ##.# #.#.###.@.##
'..# #)#..#..l.# #### #.#.##g..##
# #.#.#....# ###### #.#.#...##
.....####.###..##
>>........#.'...# .
.....######.##..#..
.............§§.§..


You could see a goblin and a frilled lizard.

Vanquished Creatures
  A ball python (D:1)
  3 giant cockroaches (D:1)
  4 goblins (D:1)
  3 hobgoblins (D:1)
  3 jackals (D:1)
  6 bats (D:1)
  A frilled lizard (D:1)
  A kobold (D:1)
  2 rats (D:1)
24 creatures vanquished.

Notes
Turn   | Place    | Note
-------+----------+-------------------------------------------
     0 | D:1      | Alarkh the Demonspawn Necromancer began the quest for the Orb.
     0 | D:1      | Reached XP level 1. HP: 13/13 MP: 3/3
   501 | D:1      | Gained mutation: You have sharp fingernails. [demonic ancestry]
   501 | D:1      | Reached XP level 2. HP: 19/19 MP: 1/5
  1184 | D:1      | Reached skill level 1 in Unarmed Combat
  1215 | D:1      | Gained mutation: Your flesh is cold resistant. (rC+) [demonic ancestry]
  1215 | D:1      | Reached XP level 3. HP: 23/24 MP: 3/6
  1235 | D:$      | Got out of the dungeon alive.

Vault maps used:
D:1:      dpeg_arrival_long_road, kennysheep_boxes

Skill      XL: |  1  2 |
---------------+-------+-----
Unarmed Combat | 1 |  1.0
Dodging        | |  1.7
Stealth        | |  1.7
Spellcasting   | |  2.5
Necromancy     | |  4.8

Action                   || total
-------------------------++-------
Melee: Dagger            ||    26
 Cast: Pain              ||    28
 Stab: Sleeping          ||     1
  Eat: Chunk             ||     1
Armor: Robe              ||    10
Dodge: Dodged            ||    15

Table legend:
 A = Spawn XP
 B = Non-spawn XP
 C = Spawn XP percentage of total XP
 D = Spawn monster count
 E = Non-spawn monster count
 F = Spawn count percentage of total count
 G = Total turns spent on level
                    A         B        C        D         E        F      G
               +---------+---------+-------+---------+---------+-------+---------
         Total |       0 |      41 |   0.0 |       0 |      24 |   0.0 |  1235
               +---------+---------+-------+---------+---------+-------+---------
           D:1 |       0 |      41 |   0.0 |       0 |      24 |   0.0 |  1235
               +---------+---------+-------+---------+---------+-------+---------
